 Dungeon Crawl Stone Soup version 0.29.1-2-gbd0b4ee654 (webtiles) character file.

Game seed: 9779750279259937609

12 tevo3000 the Magician (level 2, 0/13 HPs)
             Began as a Vine Stalker Hedge Wizard on Nov 27, 2022.
             Slain by a goblin
             ... wielding a +0 club
              (1 damage)
             ... on level 2 of the Dungeon.
             The game lasted 00:06:01 (1011 turns).

tevo3000 the Magician (Vine Stalker Hedge Wizard)   Turns: 1011, Time: 00:06:01

Health: 0/13       AC:  3    Str: 12    XL:     2   Next: 33%
Magic:  0/7        EV: 12    Int: 14    God:
Gold:   33         SH:  0    Dex: 13    Spells: 4/7 levels left

rFire   . . .      SeeInvis .   (no weapon)
rCold   . . .      Faith    .   (no shield)
rNeg    . . .      Spirit   +   b - +0 robe
rPois   .          Reflect  .   c - +0 hat
rElec   .          Harm     .   h - +0 cloak
rCorr   .          Rampage  .   (no gloves)
Will    .....                   (no boots)
Stlth   ++........              (no amulet)
HPRegen 0.04/turn               (no ring)
MPRegen 0.10/turn               (no ring)

@: attractive, very slightly contaminated
A: fangs 2, magic shield, antimagic bite, no potion heal 2
a: no special abilities


You were on level 2 of the Dungeon.
You visited 1 branch of the dungeon, and saw 2 of its levels.

You collected 33 gold pieces.

Inventory:

Hand Weapons
 a - a +0 dagger
Armour
 b - a +0 robe (worn)
 c - a +0 hat (worn)
 h - a +0 cloak (worn)
Scrolls
 e - a scroll of fear {unknown}
 g - a scroll of identify {unknown}


   Skills:
 + Level 1.6 Dodging
 + Level 2.5 Stealth
 * Level 0.8 Unarmed Combat
 * Level 3.4 Spellcasting
 + Level 1.1 Conjurations
 - Level 1.0 Summonings
 + Level 1.2 Translocations


You had 4 spell levels left.
You knew the following spells:

 Your Spells              Type           Power      Damage    Failure   Level
a - Magic Dart            Conj           20%        1d4       13%         1
b - Blink                 Tloc           12%        N/A       19%         2

Your spell library contained the following spells:

 Spells                   Type           Power      Damage    Failure   Level
 Foxfire                  Conj/Fire      16%        2x1d4     16%         1
 Slow                     Hex            8%         N/A       21%         1
 Call Imp                 Summ           5%         N/A       21%         2
 Conjure Flame            Conj/Fire      4%         6-21      43%         3
 Mephitic Cloud           Conj/Pois/Air  3%         N/A       45%         3
 Inner Flame              Hex/Fire       2%         N/A       52%         3
 Flame Wave               Conj/Fire      4%         2d5       85%         4


Dungeon Overview and Level Annotations

Branches:
Dungeon (2/15)

Altars:

Shops:
D:1 (*


Innate Abilities, Weirdness & Mutations

You have extremely sharp teeth.
When hurt, damage is shared between your health and your magic reserves.
Your bite disrupts and absorbs the magic of your enemies.
Potions cannot restore your health.


Message History

The goblin closely misses you.
You hit the goblin but do no damage. Your bite misses the goblin.
The goblin is heavily wounded.
The goblin hits you with a +0 club.
You barely miss the goblin.
The goblin is heavily wounded.
The goblin hits you with a +0 club.
* * * LOW HITPOINT WARNING * * *
Okay, then.
Casting: Magic Dart (safe; 13% risk of failure)
Confirm with . or Enter, or press ? or * to list all spells.
You blink.
It was a potion of attraction.
You feel attractive to monsters. The goblin is attracted toward you.
You hit the goblin but do no damage. You bite the goblin, but do no damage.
The goblin is heavily wounded.
The goblin misses you.
You hit the goblin. Your bite misses the goblin.
The goblin is severely wounded.
You feel stable enough to blink again. The goblin hits you with a +0 club.
* * * LOW HITPOINT WARNING * * *
Casting: Blink (safe; 19% risk of failure)
Confirm with . or Enter, or press ? or * to list all spells.
You don't have enough magic to cast this spell.
Magic courses through your body. The goblin hits you but does no damage.
Casting: Blink (safe; 19% risk of failure)
Confirm with . or Enter, or press ? or * to list all spells.
You miscast Blink.
You are very lightly contaminated with residual magic.
Nothing appears to happen.
The goblin hits you but does no damage.
Casting: Blink (safe; 19% risk of failure)
Confirm with . or Enter, or press ? or * to list all spells.
You blink.
The goblin is attracted toward you. The goblin attacks as you move away!
The goblin hits you with a +0 club.
You feel stable enough to blink again. The goblin attacks as you move away!
The goblin misses you. The goblin attacks as you move away!
The goblin hits you with a +0 club.
You die...

#.##...).._....
#.##...........
#.....###...###
#############..#G#...#G#
#........# #..###...###
#.######.# #..........
#.#### #.# #.###..####.
#....# #.# ##g## ##
#.##.###.###.@.##.##
#.#.#..).<...........
#.##.###.###...######
#........# ##.##
#.######## #.# #.# #.#
##.#### #+# #.....#
##.##.#


You could see a goblin.

Vanquished Creatures
  A giant cockroach (D:1)
  2 hobgoblins (D:1)
  3 kobolds
  A quokka (D:1)
  2 bats (D:1)
  2 frilled lizards (D:1)
  2 goblins (D:1)
13 creatures vanquished.

Notes
Turn   | Place    | Note
-------+----------+-------------------------------------------
     0 | D:1      | tevo3000 the Vine Stalker Hedge Wizard began the quest for
                  | the Orb.
     0 | D:1      | Reached XP level 1. HP: 9/9 MP: 5/5
    74 | D:1      | Found Ucsek's Assorted Antiques.
    80 | D:1      | Found Asati's Weapon Shoppe.
   339 | D:1      | Reached XP level 2. HP: 1/13 MP: 1/7
   398 | D:1      | Learned a level 2 spell: Blink
   979 | D:2      | Noticed a golden eye
   981 | D:2      | Found a faded altar of an unknown god.
   983 | D:2      | Noticed a floating eye
   983 | D:2      | Noticed a golden eye
   983 | D:2      | Noticed a floating eye
  1011 | D:2      | Slain by a goblin

Illustrated notes

Levels and vault maps discovered:
D:1:      dpeg_chamrin_arrival_tetris, layout_rooms, serial_shops, shop, shop,
          serial_bayou_lagoon_a
D:2:      layout_loops_corners, hellmonk_ecumenical_altar_watching_god

Action                   || total
-------------------------++-------
Melee: Unarmed           ||    55
       Bite              ||    10
       Dagger            ||     3
       Punch             ||     2
 Cast: Magic Dart        ||     2
       Blink             ||     2
  Use: Potion            ||     2
 Stab: Sleeping          ||     1
Armor: Robe              ||    17
Dodge: Dodged            ||    45
